 Dungeon Crawl Stone Soup version 0.23.0 (webtiles) character file.

Game seed: 16941124871392495083

64494 matthes123 the Severer (level 14, -2/135 HPs)
             Began as a Minotaur Fighter on Feb 9, 2019.
             Was the Champion of Okawaru.
             Slain by a two-headed ogre
             ... wielding a +0 giant spiked club
              (12 damage)
             ... on level 2 of the Orcish Mines.
             The game lasted 00:22:41 (19298 turns).

matthes123 the Severer (Minotaur Fighter)          Turns: 19298, Time: 00:22:42

Health: -2/135     AC: 20    Str: 31    XL:     14   Next: 72%
Magic:  12/19      EV: 13    Int:  5    God:    Okawaru [******]
Gold:   1180       SH: 18    Dex: 11    Spells: 13/13 levels left

rFire    + . .     SeeInvis .   Q - +4 broad axe (elec)
rCold    . . .     Gourm    .   E - +2 shield {AC+3}
rNeg     . . .     Faith    .   A - +4 chain mail {MR+}
rPois    .         Spirit   .   (helmet restricted)
rElec    .         Reflect  .   B - +1 cloak of the Lotus Blossom {*Drain Str+4 Dex+2 Slay+2}
rCorr    .         Harm     .   (no gloves)
MR       ++...                  (no boots)
Stlth    ..........             (no amulet)
HPRegen  0.32/turn              z - ring of protection from fire
MPRegen  0.16/turn              r - +2 ring of evasion

@: heroism, finesse
A: retaliatory headbutt, horns 2
a: Heroism, Finesse, Renounce Religion


You were on level 2 of the Orcish Mines.
You worshipped Okawaru.
Okawaru was exalted by your worship.
You were not hungry.

You visited 4 branches of the dungeon, and saw 21 of its levels.

You collected 1457 gold pieces.
You spent 277 gold pieces at shops.

Inventory:

Hand Weapons
 a - a +0 war axe
 x - a +6 war axe of flaming
 Q - a +4 broad axe of electrocution (weapon)
Armour
 b - a +0 scale mail
 c - a +0 shield
 A - a +4 chain mail of magic resistance (worn)
 B - the +1 cloak of the Lotus Blossom (worn) {*Drain Str+4 Dex+2 Slay+2}
   (You found it on level 7 of the Dungeon)

   It affects your strength (+4).
   It affects your dexterity (+2).
   It affects your accuracy and damage with ranged weapons and melee attacks
   (+2).
   It causes draining when unequipped.
 D - a scarf of cloud immunity
 E - a +2 shield of protection (worn)
Jewellery
 r - a +2 ring of evasion (right hand)
 z - a ring of protection from fire (left hand)
 P - a cursed ring of attention {unknown}
Wands
 e - a wand of flame (44)
 s - a wand of random effects (31)
 y - a wand of disintegration (22)
 C - a wand of polymorph (8)
 F - a wand of digging (11)
 G - a wand of enslavement (5)
 K - a wand of acid (7)
 O - a wand of clouds (7)
 T - a wand of scattershot (7)
 W - a wand of iceblast (12)
Scrolls
 g - 3 scrolls of magic mapping
 k - 11 scrolls of remove curse
 o - 3 scrolls of random uselessness
 p - a scroll of amnesia
 q - 7 scrolls of immolation
 u - 9 scrolls of teleportation
 v - 4 scrolls of fear
 I - a scroll of summoning
 N - a scroll of fog
 R - a scroll of blinking
Potions
 d - 4 potions of might
 h - 6 potions of curing
 i - 2 potions of degeneration
 j - 2 potions of magic
 l - 2 potions of invisibility
 m - 2 potions of resistance {unknown}
 n - 6 potions of flight
 t - 4 potions of heal wounds
 w - 5 potions of lignification
 H - 3 potions of mutation {unknown}
 J - 2 potions of haste {unknown}
 L - a potion of berserk rage {unknown}
 M - 2 potions of brilliance {unknown}
Comestibles
 f - 36 rations


   Skills:
 + Level 15.3(20.3) Fighting
 * Level 20.1(25.1) Axes
 - Level 3.6(8.6) Armour
 + Level 12.9(17.9) Shields
 + Level 8.8 Invocations


You had 13 spell levels left.
You didn't know any spells.
Your spell library contained the following spells:

 Spells                   Type           Power        Failure   Level  Hunger
 Confusing Touch          Hex            #.....       91%         1    ##.....
 Flame Tongue             Conj/Fire      #....        91%         1    ##.....
 Shock                    Conj/Air       #...         91%         1    ##.....
 Sting                    Conj/Pois      #...         91%         1    ##.....
 Poisonous Vapours        Pois/Air       #.....       97%         2    ###....
 Swiftness                Chrm/Air       #.......     97%         2    ###....
 Throw Flame              Conj/Fire      #.....       97%         2    ###....
 Confuse                  Hex            #.......     99%         3    ####...
 Conjure Flame            Conj/Fire      #.......     99%         3    ####...
 Gell's Gravitas          Tloc           #.........   99%         3    ####...
 Ignite Poison            Fire/Tmut/Pois #.......     99%         3    ####...
 Inner Flame              Hex/Fire       #.......     99%         3    ####...
 Mephitic Cloud           Conj/Pois/Air  #.......     99%         3    ####...
 Static Discharge         Conj/Air       #.......     99%         3    ####...
 Airstrike                Air            #.........   100%        4    #####..
 Olgreb's Toxic Radiance  Pois           #.......     100%        4    #####..
 Petrify                  Tmut/Erth      #.......     100%        4    #####..
 Sticky Flame             Conj/Fire      #.......     100%        4    #####..
 Bolt of Magma            Conj/Fire/Erth #.........   100%        5    ######.
 Fireball                 Conj/Fire      #.........   100%        5    ######.
 Iskenderun's Battlesphe  Conj/Chrm      #.......     100%        5    ######.
 Lightning Bolt           Conj/Air       #.........   100%        5    ######.
 Metabolic Englaciation   Hex/Ice        #.........   100%        5    ######.
 Venom Bolt               Conj/Pois      #.........   100%        5    ######.
 Yara's Violent Unravell  Hex/Tmut       #.........   100%        5    ######.
 Bolt of Fire             Conj/Fire      #.........   100%        6    #######
 Iron Shot                Conj/Erth      #.........   100%        6    #######
 Orb of Destruction       Conj           #.........   100%        7    #######
 Ring of Flames           Chrm/Fire      #.........   100%        7    #######
 Spellforged Servitor     Conj/Summ      #.........   100%        7    #######
 Ignition                 Fire           #.........   100%        8    #######
 Shatter                  Erth           #.........   100%        9    #######
 Tornado                  Air            #.........   100%        9    #######


Dungeon Overview and Level Annotations

Branches:
Dungeon (12/15)            Temple (1/1) D:6            Lair (6/6) D:10
  Swamp (0/4) Lair:2       Spider (0/4) Lair:4        Slime (0/5) Lair:5
    Orc (2/2) D:11
    Elf: Orc:2

Altars:
Ashenzari
Cheibriados
Dithmenos
Elyvilon
Fedhas
Gozag
Hepliaklqana
Kikubaaqudgha
Nemelex Xobeh
Okawaru
Qazlal
Ru
Sif Muna
Trog
Uskayaw
Vehumet
Wu Jian
Xom
Zin
The Shining One
Beogh

Shops:
D:4 :   D:5 :   D:8 :}   D:11 :   Orc:2 :*

Annotations:
D:8 2 transporters, TheDeathLetter's ghost, novice MiFi
D:11 1 runed translucent door
Lair:2 exclusion: oklob plant


Innate Abilities, Weirdness & Mutations

You reflexively headbutt those who attack you in melee.
You have a pair of horns on your head.


Message History

You slice the ogre!!
You kill the ogre!
Okawaru accepts your kill.
Unknown command.
You hit the two-headed ogre.
You headbutt the two-headed ogre, but do no damage.
The two-headed ogre is lightly wounded.
You hit the two-headed ogre.
A troll comes into view.
Unknown command.
Unknown command.
The troll shouts!
You slice the two-headed ogre!!
You kill the two-headed ogre!
Okawaru accepts your kill.
You slash the two-headed ogre!
Lightning courses through the two-headed ogre!!
You hear a shout!
The two-headed ogre hits you with a +0 giant spiked club!
You die...

.. .. ###........# #
..$. ...##.........##
.#...............)).####
......##.##.....))[).#.#
......$######.)...).....
......#.#.#.#......))).#
...................)))..
......)).......####)....
......)@......####......
......)O).....###.......
.............).#.#......
.......T...........<....
...∩..T.....#...........
...O.....#...#.##......<
............##.#..).(((.
......T....##....).)....
....###.....[).##.#


You could see a two-headed ogre, an ogre mage, a deep troll and 2 trolls.

Vanquished Creatures
  Gastronok (Orc:1)
  A stone giant (Orc:1)
  6 dire elephants (Lair:6)
  Josephine (Lair:4)
  9 hydras
  An anaconda (Lair:6)
  3 catoblepae
  7 two-headed ogres
  6 death yaks (Lair:6)
  A fire crab (Lair:6)
  An orc knight (Orc:2)
  3 orc sorcerers (Orc:1)
  An ugly thing (D:10)
  A cyclops (Orc:2)
  2 black mambas
  10 elephants (Lair:6)
  A torpor snail (Lair:6)
  12 spiny frogs
  4 rime drakes
  2 komodo dragons
  3 jumping spiders (Lair:4)
  7 trolls
  A polar bear (Lair:5)
  2 slime creatures (Lair:5)
  10 blink frogs
  4 hippogriffs
  A wyvern (Lair:5)
  45 yaks
  4 wraiths (Lair:4)
  A shadow (D:11)
  A hungry ghost (D:11)
  6 vampire mosquitoes (Lair:2)
  2 basilisks (D:10)
  A warg (Orc:2)
  13 water moccasins
  10 porcupines
  Duvessa (D:5)
  2 ice beasts
  23 orc warriors
  4 sky beasts
  A black bear (D:8)
  11 ogres
  4 phantoms
  10 wolves
  2 centaurs
  12 crocodiles
  11 bullfrogs
  2 gnoll sergeants
  Blork the orc (D:5)
  A water moccasin zombie (D:9)
  Dowan (D:5)
  7 scorpions
  A wyvern skeleton (D:8)
  7 wights
  A killer bee (D:10)
  A howler monkey (D:5)
  2 crimson imps
  A bullfrog zombie (D:6)
  7 hounds
  A quasit (D:9)
  18 orc priests
  8 jellies
  4 bullfrog skeletons
  A gnoll shaman (D:7)
  24 orc wizards
  Jessica (D:2)
  5 iguanas
  9 hell rats (Lair:2)
  8 worker ants
  A hound zombie (D:7)
  15 adders
  A howler monkey skeleton (D:11)
  20 gnolls
  12 river rats (Lair:2)
  3 shadow imps
  6 oozes
  An adder skeleton (D:9)
  4 worms
  3 dart slugs
  2 leopard geckos
  99 orcs
  3 ball pythons
  3 giant cockroaches
  3 goblins
  13 hobgoblins
  4 jackals (D:1)
  9 quokkas
  A ball python skeleton (D:6)
  11 bats
  3 frilled lizards
  7 kobolds
  2 quokka zombies
  15 rats
  2 fungi
  11 plants
630 creatures vanquished.

Vanquished Creatures (others)
  A human (D:2)
  19 fungi
  14 plants
34 creatures vanquished.

Grand Total: 664 creatures vanquished

Notes
Turn   | Place    | Note
-------+----------+-------------------------------------------
     0 | D:1      | matthes123 the Minotaur Fighter began the quest for the
                  | Orb.
     0 | D:1      | Reached XP level 1. HP: 19/19 MP: 0/0
   119 | D:1      | Reached skill level 3 in Axes
   130 | D:1      | Reached XP level 2. HP: 19/27 MP: 1/1
  1186 | D:2      | Found an ancient bone altar of Kikubaaqudgha.
  1208 | D:2      | Found a faded altar of an unknown god.
  1287 | D:2      | Reached XP level 3. HP: 29/33 MP: 2/2
  1292 | D:2      | Reached skill level 4 in Axes
  1360 | D:2      | Noticed Jessica
  1385 | D:2      | Killed Jessica
  1488 | D:2      | Reached XP level 4. HP: 40/41 MP: 3/3
  1530 | D:2      | Found an ornate altar of the Wu Jian Council.
  2031 | D:2      | Reached skill level 5 in Axes
  2086 | D:2      | Noticed a human
  2088 | D:2      | Killed a human
  2288 | D:3      | Reached skill level 5 in Fighting
  2288 | D:3      | Reached XP level 5. HP: 10/48 MP: 4/4
  2289 | D:3      | Found a bloodstained altar of Trog.
  2538 | D:3      | Reached skill level 6 in Axes
  2724 | D:3      | Found an opulent altar of Gozag.
  2945 | D:4      | Reached XP level 6. HP: 42/56 MP: 5/5
  3000 | D:4      | Noticed an ice beast
  3010 | D:4      | Killed an ice beast
  3010 | D:4      | Reached skill level 7 in Axes
  3317 | D:4      | Found a shimmering altar of Xom.
  3647 | D:4      | Reached XP level 7. HP: 15/63 MP: 6/6
  3909 | D:4      | Reached skill level 8 in Axes
  4290 | D:4      | Found Bifuph's Book Shop.
  4448 | D:5      | Entered Level 5 of the Dungeon
  4482 | D:5      | Reached skill level 9 in Axes
  4496 | D:5      | Reached XP level 8. HP: 28/73 MP: 7/7
  4752 | D:5      | Noticed Blork the orc
  4757 | D:5      | Noticed Duvessa
  4757 | D:5      | Noticed Dowan
  4767 | D:5      | Killed Blork the orc
  4769 | D:5      | Killed Duvessa
  4769 | D:5      | Reached skill level 10 in Axes
  4780 | D:5      | Killed Dowan
  5066 | D:5      | Found Ifoa's Book Shoppe.
  5196 | D:5      | Found a stormy altar of Qazlal.
  5786 | D:5      | Reached skill level 11 in Axes
  7041 | D:6      | Reached XP level 9. HP: 82/82 MP: 8/8
  7232 | D:6      | Found a staircase to the Ecumenical Temple.
  7245 | Temple   | Entered the Ecumenical Temple
  7327 | Temple   | Became a worshipper of Warmaster Okawaru
  7545 | D:7      | Reached skill level 12 in Axes
  7750 | D:7      | Found a deep blue altar of Sif Muna.
  7786 | D:7      | Got a transparent cloak
  7792 | D:7      | Identified the +1 cloak of the Lotus Blossom {*Drain Str+4
                  | Dex+2 Slay+2} (You found it on level 7 of the Dungeon)
  7860 | D:7      | Reached * piety under Okawaru
  8242 | D:7      | Found a shadowy altar of Dithmenos.
  8347 | D:8      | Reached skill level 10 in Fighting
  8397 | D:8      | Reached skill level 13 in Axes
  8495 | D:8      | Found a shimmering altar of Xom.
  8574 | D:8      | Found a transporter.
  8590 | D:8      | Found Udghomic's Book Emporium.
  8594 | D:8      | Reached ** piety under Okawaru
  8636 | D:8      | Reached XP level 10. HP: 75/94 MP: 9/9
  8743 | D:8      | Found a shattered altar of Ashenzari.
  8749 | D:8      | Noticed a two-headed ogre
  8759 | D:8      | Killed a two-headed ogre
  8759 | D:8      | Reached skill level 5 in Shields
  8764 | D:8      | Reached *** piety under Okawaru
  8929 | D:8      | Found Tacsel's Gadget Shoppe.
  9088 | D:8      | Reached skill level 14 in Axes
  9322 | D:8      | Found a transporter.
  9325 | D:8      | Noticed TheDeathLetter's ghost (novice MiFi)
  9692 | D:9      | Reached **** piety under Okawaru
  9843 | D:9      | Reached ***** piety under Okawaru
  9844 | D:9      | Reached skill level 15 in Axes
 10140 | D:10     | Entered Level 10 of the Dungeon
 10273 | D:10     | Found an ancient bone altar of Kikubaaqudgha.
 10273 | D:10     | Noticed a red ugly thing
 10281 | D:10     | Killed a red ugly thing
 10281 | D:10     | Reached XP level 11. HP: 57/102 MP: 10/10
 10533 | D:10     | Found a staircase to the Lair.
 10560 | D:10     | Received a gift from Okawaru
 11035 | D:11     | Found a staircase to the Orcish Mines.
 11146 | D:11     | Found a glowing silver altar of Zin.
 11147 | D:11     | Found a runed translucent door.
 11147 | D:11     | Noticed an angel
 11171 | D:11     | Found Rutocosa's Book Shoppe.
 11236 | D:11     | Noticed a two-headed ogre
 11242 | D:11     | Killed a two-headed ogre
 11636 | Lair:1   | Entered Level 1 of the Lair of Beasts
 11647 | Lair:1   | Reached skill level 16 in Axes
 11805 | Lair:1   | Noticed a four-headed hydra
 11811 | Lair:1   | Killed a one-headed hydra
 11811 | Lair:1   | Reached skill level 1 in Invocations
 12077 | Lair:1   | Noticed a four-headed hydra
 12084 | Lair:1   | Killed a one-headed hydra
 12454 | Lair:2   | Noticed an oklob plant
 12461 | Lair:2   | Received a gift from Okawaru
 12461 | Lair:2   | Reached XP level 12. HP: 100/113 MP: 13/13
 12467 | Lair:2   | Reached ****** piety under Okawaru
 12865 | Lair:2   | Found a staircase to the Swamp.
 13496 | Lair:3   | Reached skill level 17 in Axes
 13642 | Lair:3   | Reached skill level 10 in Shields
 13671 | Lair:3   | Noticed a four-headed hydra
 13678 | Lair:3   | Killed a one-headed hydra
 14144 | Lair:4   | Reached skill level 5 in Invocations
 14247 | Lair:4   | Noticed a four-headed hydra
 14250 | Lair:4   | Noticed Josephine
 14253 | Lair:4   | Killed a one-headed hydra
 14264 | Lair:4   | Killed Josephine
 14497 | Lair:4   | Reached XP level 13. HP: 118/122 MP: 16/16
 14586 | Lair:4   | Reached skill level 18 in Axes
 14677 | Lair:4   | Received a gift from Okawaru
 14680 | Lair:4   | Got a transparent battleaxe {god gift}
 14686 | Lair:4   | Identified the +1 battleaxe of the Hidden Beds {venom,
                  | Int+3} (Okawaru gifted it to you on level 4 of the Lair of
                  | Beasts)
 14733 | Lair:4   | Found a hole to the Spider Nest.
 15837 | Lair:5   | Found a staircase to the Slime Pits.
 16136 | Lair:6   | Entered Level 6 of the Lair of Beasts
 16139 | Lair:6   | Received a gift from Okawaru
 16500 | Lair:6   | Reached skill level 19 in Axes
 16905 | Lair:6   | Received a gift from Okawaru
 17128 | Lair:6   | Reached XP level 14. HP: 97/133 MP: 18/18
 18421 | Orc:1    | Entered Level 1 of the Orcish Mines
 18489 | Orc:1    | Noticed Gastronok
 18513 | Orc:1    | Killed Gastronok
 18513 | Orc:1    | Reached skill level 15 in Fighting
 18568 | Orc:1    | Noticed a stone giant
 18585 | Orc:1    | Killed a stone giant
 18927 | Orc:1    | Received a gift from Okawaru
 19091 | Orc:2    | Entered Level 2 of the Orcish Mines
 19091 | Orc:2    | Found a roughly hewn altar of Beogh.
 19144 | Orc:2    | Found Rakeasu's Assorted Antiques.
 19260 | Orc:2    | Bought a scroll of blinking for 277 gold pieces
 19277 | Orc:2    | Found Enolodwu's Book Boutique.
 19286 | Orc:2    | Reached skill level 20 in Axes
 19298 | Orc:2    | Slain by a two-headed ogre

Skill      XL: |  1  2  3  4  5  6  7  8  9 10 11 12 13 14 |
---------------+-------------------------------------------+-----
Axes           | 3 4 5 6 7 9 11 13 15 16 17 19 20 | 20.1
Fighting       | 4 5 6 7 8 10 11 12 13 14 15 | 15.3
Shields        | 4 7 9 10 12 | 12.9
Invocations    | 3 5 7 8 |  8.8
Armour         | |  3.6

Action                   |  1- 3 |  4- 6 |  7- 9 | 10-12 | 13-15 || total
-------------------------+-------+-------+-------+-------+-------++-------
Melee: War axe           |    74 |   163 |   257 |   498 |   232 ||  1224
       Headbutt          |     7 |    18 |    51 |   115 |   104 ||   295
       Broad axe         |       |       |       |       |   166 ||   166
Invok: Heroism           |       |       |       |     1 |     5 ||     6
       Finesse           |       |       |       |       |     5 ||     5
  Use: Scroll            |     4 |     3 |    11 |     9 |     5 ||    32
       Potion            |       |     1 |       |     1 |     1 ||     3
  Eat: Chunk             |     2 |     6 |    13 |    20 |    15 ||    56
       Ration            |       |       |     1 |       |       ||     1
Armor: Scale mail        |    23 |       |    47 |       |       ||    70
       Ring mail         |    23 |    36 |     3 |       |       ||    62
       Chain mail        |       |       |    46 |   109 |   130 ||   285
Dodge: Dodged            |    21 |    44 |    54 |    71 |    85 ||   275
Block: Shield            |    41 |    72 |    93 |   205 |   220 ||   631
